 Dungeon Crawl Stone Soup version 0.29.1-1-gd02db6906a (webtiles) character file.

Game seed: 4729959401069823926

42 Demigod47 the Trooper (level 3, -1/34 HPs)
             Began as a Minotaur Fighter on Oct 7, 2022.
             Slain by an orc priest
             ... wielding a +0 whip
              (2 damage)
             ... on level 2 of the Dungeon.
             The game lasted 00:02:32 (1409 turns).

Demigod47 the Trooper (Minotaur Fighter)            Turns: 1409, Time: 00:02:32

Health: -1/34      AC:  7    Str: 22    XL:     3   Next: 35%
Magic:  2/2        EV:  9    Int:  5    God:
Gold:   98         SH:  4    Dex:  9    Spells: 2/2 levels left

rFire   . . .      SeeInvis .   a - +0 flail
rCold   . . .      Faith    .   c - +0 buckler
rNeg    . . .      Spirit   .   b - +0 scale mail
rPois   .          Reflect  .   (helmet restricted)
rElec   .          Harm     .   (no cloak)
rCorr   +          Rampage  .   (no gloves)
Will    .....                   (no boots)
Stlth   ..........              (no amulet)
HPRegen 0.11/turn               g - ring of resist corrosion
MPRegen 0.08/turn               (no ring)

@: no status effects
A: horns 2, retaliatory headbutt
a: no special abilities


You were on level 2 of the Dungeon.
You visited 1 branch of the dungeon, and saw 2 of its levels.

You collected 98 gold pieces.

Inventory:

Hand Weapons
 a - a +0 flail (weapon)
Armour
 b - a +0 scale mail (worn)
 c - a +0 buckler (worn)
Jewellery
 g - a ring of resist corrosion (left hand)
Scrolls
 e - 2 scrolls of identify {unknown}
 h - a scroll of fog {unknown}
 j - a scroll of fear {unknown}
Potions
 d - a potion of might
 f - a potion of invisibility {unknown}
 i - a potion of haste {unknown}


   Skills:
 + Level 4.4 Fighting
 + Level 2.8 Maces & Flails
 + Level 4.1 Armour
 + Level 0.1 Stealth
 + Level 4.0 Shields


You had 2 spell levels left.
You didn't know any spells.
Your spell library contained the following spells:

 Spells                   Type           Power      Damage    Failure   Level
 Ozocubu's Armour         Ice            0%         N/A       99%         3
 Ozocubu's Refrigeration  Ice            0%         4d7       100%        7


Dungeon Overview and Level Annotations

Branches:
Dungeon (2/15)

Altars:

Shops:
D:1 [**([


Innate Abilities, Weirdness & Mutations

You have a pair of horns on your head.
You reflexively headbutt those who attack you in melee.


Message History

You closely miss the orc. You headbutt the orc.
You kill the orc!
The goblin hits you but does no damage.
You closely miss the orc priest. The goblin barely misses you.
The orc priest hits you with a +0 whip.
You closely miss the orc priest. Your headbutt misses the orc priest.
The goblin hits you but does no damage. The goblin hits you with a +0 dagger.
The orc priest hits you but does no damage.
You barely miss the orc. The orc hits you but does no damage.
The goblin hits you but does no damage. The orc priest closely misses you.
You barely miss the orc priest. The goblin hits you but does no damage.
The orc priest closely misses you. The orc completely misses you.
You closely miss the orc priest. The orc priest hits you with a +0 whip.
You block the orc's attack. The goblin barely misses you.
The goblin hits you with a +0 dagger. You block the orc priest's attack.
The orc closely misses you.
You thump the orc priest!
The orc priest is heavily wounded.
You block the orc's attack. The goblin hits you but does no damage.
The orc priest hits you but does no damage.
You closely miss the orc priest.
The orc priest is heavily wounded.
The orc barely misses you. The goblin hits you with a +0 dagger.
The orc priest calls down the wrath of Beogh upon you.
Pain shoots through your body!
You closely miss the orc priest.
The orc priest is heavily wounded.
The goblin hits you but does no damage. The orc hits you with a +0 flail.
The orc priest invokes the aid of Beogh against you.
You barely resist. You closely miss the orc priest.
The orc priest is heavily wounded.
The orc priest mumbles some strange prayers to Beogh against you.
Beogh smites you!
* * * LOW HITPOINT WARNING * * *
You block the orc's attack. The goblin hits you but does no damage.
The goblin barely misses you. You furiously retaliate!
You headbutt the goblin!
You kill the goblin!
The orc priest hits you with a +0 whip.
You die...

### .. #### #.
#..
#.###.########
#..K)@o.......
##..#o########
#...#J#
#.#.).# ..
#...# #.
#.....# #
..###..# #..
..# #... ..#


You could see an orc priest, an orc, an endoplasm and a kobold.

Vanquished Creatures
  A dart slug (D:2)
  An orc (D:2)
  3 ball pythons (D:1)
  A bat (D:1)
  5 endoplasms (D:1)
  4 giant cockroaches (D:1)
  3 goblins
  5 hobgoblins (D:1)
  5 kobolds
  A quokka (D:1)
  A frilled lizard (D:1)
  2 rats (D:1)
32 creatures vanquished.

Notes
Turn   | Place    | Note
-------+----------+-------------------------------------------
     0 | D:1      | Demigod47 the Minotaur Fighter began the quest for the Orb.
     0 | D:1      | Reached XP level 1. HP: 19/19 MP: 0/0
   292 | D:1      | Reached XP level 2. HP: 22/27 MP: 1/1
   356 | D:1      | Found Raezxit's General Store.
   371 | D:1      | HP: 1/27 [frozen (4)]
   682 | D:1      | Found Ipuotior's Antique Armour Boutique.
   693 | D:1      | Found Sonick's General Store.
   810 | D:1      | Found Vuasack's Antique Weapon Emporium.
   819 | D:1      | Found Ishroh's Antique Armour Boutique.
   895 | D:1      | Reached XP level 3. HP: 28/34 MP: 2/2
  1302 | D:1      | Found a faded altar of an unknown god.
  1409 | D:2      | HP: 1/34 [orc priest/divine providence (14)]
  1409 | D:2      | Slain by an orc priest

Illustrated notes

Levels and vault maps discovered:
D:1:      dpeg_arrival_solitude, layout_basic, serial_shops,
          nicolae_shop_waterfront, shop, shop, nicolae_shop_statue_plus, shop,
          shapermc_ecumenical_altar_hornbeckon
D:2:      layout_loops_ring, minmay_misc_feat_rows, grunt_decor_arrowhead,
          minmay_pentomino_v2, uniq_sigmund, uniq_natasha

Skill      XL: |  1  2 |
---------------+-------+-----
Fighting       | 4 |  4.4
Armour         | 4 |  4.1
Shields        | 4 |  4.0
Maces & Flails | |  2.8
Stealth        | |  0.1

Action                   || total
-------------------------++-------
Melee: Flail             ||    72
       Headbutt          ||    12
Armor: Scale mail        ||    45
Dodge: Dodged            ||    37
Block: Buckler           ||    17
